 Dungeon Crawl Stone Soup version 0.29-a0-559-g359e09b9d1 (webtiles) character file.

Game seed: 15423714134438132124

221 Gargoyl the Chopper (level 5, 0/33 HPs)
             Began as a Gargoyle Berserker on June 10, 2022.
             Was a Priest of Trog.
             Slain by a river rat (6 damage)
             ... in a sewer.
             The game lasted 00:03:44 (2748 turns).

Gargoyl the Chopper (Gargoyle Berserker)            Turns: 2748, Time: 00:03:44

Health: 0/33       AC: 16    Str: 20    XL:     5   Next: 98%
Magic:  5/5        EV:  8    Int:  8    God:    Trog [***...]
Gold:   231        SH:  5    Dex: 11    Spells: 4/4 levels left

rFire   + . .      SeeInvis .   a - +1 hand axe
rCold   . . .      Faith    .   (no shield)
rNeg    + . .      Spirit   .   g - +0 chain mail
rPois   ∞          Reflect  +   (no helmet)
rElec   +          Harm     .   (no cloak)
rCorr   .          Rampage  .   (no gloves)
Will    ++...                   f - +2 pair of boots
Stlth   ..........              b - amulet of reflection
HPRegen 1.11/turn               l - ring of protection from fire
MPRegen 0.09/turn               (no ring)

@: strong-willed, regenerating
A: sickness immunity, AC +4, negative energy resistance 1, electricity
resistance, torment resistance 1, petrification resistance
a: Renounce Religion, Berserk, Trog's Hand


You were in a sewer.
You worshipped Trog.
Trog was most pleased with you.
You visited 1 branch of the dungeon, and saw 3 of its levels.
You also visited: Sewer.

You collected 231 gold pieces.

Inventory:

Hand Weapons
 a - a +1 hand axe (weapon)
Armour
 f - a +2 pair of boots (worn)
 g - a +0 chain mail (worn)
Jewellery
 b - an amulet of reflection (around neck)
 l - a ring of protection from fire (left hand)
Scrolls
 d - 2 scrolls of enchant armour {unknown}
 i - a scroll of poison
 j - a scroll of fear
 k - 2 scrolls of magic mapping
Potions
 c - 2 potions of might
 e - a potion of berserk rage {unknown}
 h - 7 potions of flight
 m - a potion of brilliance {unknown}
 n - a potion of curing {unknown}
 o - a potion of degeneration {unknown}
 p - a potion of mutation


   Skills:
 + Level 3.8 Fighting
 + Level 4.5 Axes
 + Level 3.1 Armour
 + Level 1.9 Dodging
 + Level 1.7 Stealth
 + Level 1.6 Shields


You had 4 spell levels left.
You didn't know any spells.
Your spell library was empty.

Dungeon Overview and Level Annotations

Branches:
Dungeon (3/15)              Sewer (1/1)

Altars:

Shops:
D:1 [


Innate Abilities, Weirdness & Mutations

You are immune to sickness and miasma.
Your stone body is resilient. (AC +4)
You are immune to poison.
You resist negative energy. (rN+)
You are resistant to electric shocks. (rElec)
You are resistant to unholy torment.
You are immune to petrification.


Message History

The river rat is severely wounded.
You hit the river rat. You closely miss the river rat.
The river rat bites you but does no damage.
The river rat barely misses you. The river rat bites you.
Unknown command.
You closely miss the river rat.
The river rat is severely wounded.
You hit the river rat. You closely miss the river rat. The river rat bites you.
* * * LOW HITPOINT WARNING * * *
The river rat bites you but does no damage.
The river rat bites you.
* * * LOW HITPOINT WARNING * * *
Your skin crawls.
You feel strong-willed. You block the river rat's attack. x2
The river rat bites you but does no damage.
You closely miss the river rat.
The river rat is almost dead.
You hit the river rat but do no damage. You barely miss the river rat.
The river rat bites you but does no damage. x2
The river rat completely misses you.
Unknown command.
You hit the river rat.
You kill the river rat!
Trog accepts your kill.
You hit the river rat but do no damage. x2; The river rat barely misses you.
You block the river rat's attack.
Unknown command.
You barely miss the river rat.
The river rat is severely wounded.
You hit the river rat. You block the river rat's attack.
The river rat bites you.
* * * LOW HITPOINT WARNING * * *
Unknown command.
You hit the river rat but do no damage.
The river rat is severely wounded.
You barely miss the river rat.
The river rat bites you but does no damage.
The river rat bites you.
You die...

≈≈≈≈≈≈.≈ .≈≈≈≈≈ ≈≈≈≈≈ ≈≈≈# ≈≈≈#
###### ###### ≈≈≈# #....# #..?.#
†≈≈#####''#####''#####
.†≈≈≈.≈.............∩#
.≈≈≈.≈.........†@†..∩# #≈≈≈#
≈≈≈#####††#####rr##### #.≈≈# ≈≈≈#
#....# #.... #≈≈≈# ≈≈≈# ######
###### #≈≈≈#
≈≈≈#######################≈≈≈####
≈≈≈≈..≈.≈≈≈≈≈≈≈≈.≈.≈≈≈.≈.≈≈≈≈≈.≈≈
≈≈≈≈≈≈≈≈≈≈≈≈≈≈≈≈≈≈≈≈≈≈≈≈≈≈≈≈≈≈≈≈≈
≈≈≈≈≈†≈≈.≈≈≈≈≈≈.≈†≈..≈†.≈≈.≈≈.≈≈†
#################################


You could see 2 river rats.

Vanquished Creatures
  An orc priest (D:3)
  4 gnolls (D:2)
  6 adders
  2 river rats (Sewer)
  A worm (Sewer)
  2 dart slugs (D:2)
  5 orcs (D:3)
  10 ball pythons
  8 endoplasms
  6 giant cockroaches
  3 goblins
  A hobgoblin (D:1)
  2 jackals (Sewer)
  4 kobolds
  5 quokkas
  5 bats
  A frilled lizard (Sewer)
  8 rats
74 creatures vanquished.

Notes
Turn   | Place    | Note
-------+----------+-------------------------------------------
     0 | D:1      | Gargoyl the Gargoyle Berserker began the quest for the Orb.
     0 | D:1      | Reached XP level 1. HP: 14/14 MP: 1/1
   466 | D:1      | Reached XP level 2. HP: 18/19 MP: 2/2
   495 | D:1      | Reached skill level 3 in Axes
   569 | D:1      | Found Dywniep's Antique Armour Emporium.
  1124 | D:2      | Reached skill level 1 in Stealth
  1124 | D:2      | Reached XP level 3. HP: 23/23 MP: 3/3
  1129 | D:2      | Reached XP level 4. HP: 28/28 MP: 4/4
  1791 | D:2      | Reached ** piety under Trog
  2100 | D:3      | Reached skill level 1 in Shields
  2172 | D:3      | Reached skill level 4 in Axes
  2195 | D:3      | Reached XP level 5. HP: 23/33 MP: 5/5
  2440 | D:3      | Found a glowing drain.
  2446 | Sewer    | Entered a sewer
  2597 | Sewer    | Reached *** piety under Trog
  2748 | Sewer    | Slain by a river rat

Illustrated notes

Levels and vault maps discovered:
D:1:      onia_arrival_mini_spirals, layout_basic, serial_shops,
          nicolae_shop_behind_doors, minmay_tromino_v4_b
D:2:      layout_loops_corners, grunt_decor_cap
D:3:      layout_loops_ring, portal_sewer_entry_e,
          hellmonk_ghost_happy_afterlife,
          dreamdust_ecumenical_altar_angels_and_demons,
          kennysheep_generic_room_5
Sewer:    sewer_fruit_machine

Skill      XL: |  1  2  3  4  5 |
---------------+----------------+-----
Axes           | 3 4 |  4.5
Stealth        | 1 |  1.7
Shields        | 1 |  1.6
Armour         | 3 |  3.1
Fighting       | |  3.8
Dodging        | |  1.9

Action                   |  1- 3 |  4- 6 || total
-------------------------+-------+-------++-------
Melee: Hand axe          |    45 |   189 ||   234
       Punch             |       |     2 ||     2
Invok: Berserk           |     1 |       ||     1
       Trog's Hand       |       |     1 ||     1
  Use: Scroll            |     1 |     7 ||     8
Armor: Animal skin       |     4 |       ||     4
       Scale mail        |     4 |       ||     4
       Chain mail        |     4 |   155 ||   159
Dodge: Dodged            |    20 |   112 ||   132
Block: Other             |     5 |    66 ||    71
       Reflection        |       |     1 ||     1

Table legend: (Time is in decaauts)
 A = Elapsed time spent in this place.
 B = Non-inter-level travel time spent in this place.
 C = Inter-level travel time spent in this place.
 D = Time resting spent in this place.
 E = Time spent auto-exploring this place.
 F = Levels seen in this place.
 G = Mean time per level.
                   A        B        C        D        E       F      G
               +--------+--------+--------+--------+--------+-----+--------+
         Total |   2825 |   2774 |     51 |      0 |   2014 |   4 |  706.2 |
       Dungeon |   2472 |   2421 |     51 |      0 |   1897 |   3 |  824.0 |
         Sewer |    353 |    353 |      0 |      0 |    117 |   1 |  353.0 |
               +--------+--------+--------+--------+--------+-----+--------+

Top non-repeatable levels by time:
     D:2: 1124 daAuts
     D:1: 893 daAuts
     D:3: 454 daAuts
   Sewer: 353 daAuts
